 Dungeon Crawl Stone Soup version 0.24-a0-446-g87df7205b4 (webtiles) character file.

Game seed: 11282820221137162878

459 drasked the Ruffian (level 6, -2/62 HPs)
             Began as a Troll Monk on June 24, 2019.
             Slain by an iguana (15 damage)
             ... on level 6 of the Dungeon.
             The game lasted 00:09:02 (2564 turns).

drasked the Ruffian (Troll Monk)                    Turns: 2564, Time: 00:09:02

Health: -2/62      AC:  9    Str: 20    XL:     6   Next: 78%
Magic:  5/5        EV: 10    Int:  8    God:
Gold:   127        SH:  0    Dex: 12    Spells: 5/5 levels left

rFire    + . .     SeeInvis .     - Unarmed
rCold    . . .     Gourm    +   (no shield)
rNeg     . . .     Faith    .   a - +0 robe
rPois    .         Spirit   .   (helmet restricted)
rElec    .         Reflect  .   (no cloak)
rCorr    .         Harm     .   (gloves unavailable)
MR       .....                  (boots unavailable)
Stlth    ++........             (no amulet)
HPRegen  0.60/turn              i - +3 ring of protection
MPRegen  0.09/turn              F - ring of protection from fire

@: no status effects
A: large, unfitting armour, claws 3, fast metabolism 3, gourmand, regeneration
1, shaggy fur 1, tough skin 3
a: no special abilities


You were on level 6 of the Dungeon.
You were completely stuffed.

You visited 1 branch of the dungeon, and saw 5 of its levels.

You collected 127 gold pieces.

Inventory:

Missiles
 m - 2 atropa-tipped darts
 Q - 111 stones (quivered)
Armour
 a - a +0 robe (worn)
Jewellery
 i - a +3 ring of protection (left claw)
 o - an uncursed amulet of rage {unknown}
 F - a ring of protection from fire (right claw)
Wands
 d - a wand of iceblast (10)
Scrolls
 b - 3 scrolls of identify {unknown}
 c - a scroll of enchant armour {unknown}
 f - 4 scrolls of remove curse {unknown}
 g - a scroll of noise {unknown}
 h - 3 scrolls of teleportation {unknown}
 k - 3 scrolls of enchant weapon {unknown}
 l - a scroll of amnesia {unknown}
 n - a scroll of fog {unknown}
 p - a scroll of immolation {unknown}
 r - a scroll of blinking {unknown}
 u - a scroll of fear {unknown}
Potions
 j - a potion of cancellation {unknown}
 q - a potion of degeneration {unknown}
 s - a potion of lignification {unknown}
 v - a potion of might {unknown}
Comestibles
 e - 6 rations
 t - 6 chunks of flesh {@w0}


   Skills:
 + Level 4.1 Fighting
 - Level 2.4 Dodging
 - Level 1.0 Stealth
 * Level 6.6 Unarmed Combat


You had 5 spell levels left.
You didn't know any spells.
Your spell library contained the following spells:

 Spells                   Type           Power        Failure   Level  Hunger
 Apportation              Tloc           #.....       41%         1    ##.....
 Summon Butterflies       Summ           #.......     41%         1    ##.....
 Lesser Beckoning         Tloc           #.........   78%         3    ####...
 Tukima's Dance           Hex            #.......     78%         3    ####...
 Alistair's Intoxication  Tmut/Pois      #.......     100%        5    ######.
 Invisibility             Hex            #.......     100%        6    #######


Dungeon Overview and Level Annotations

Branches:
Dungeon (4/15)
 Temple: D:4-7

Altars:
Gozag
Makhleb
Qazlal
Trog
Wu Jian


Innate Abilities, Weirdness & Mutations

You are too large for most types of armour.
You have claws for hands.
Your metabolism is lightning-fast.
You like to eat raw meat.
Your natural rate of healing is unusually fast.
You are covered in fur. (AC +1)
You have extremely tough skin. (AC +3)


Message History

You take 12 damage, and have 30/62 hp.
The iguana completely misses you. The iguana barely misses you.
You are too injured to fight recklessly!
You are too injured to fight recklessly!
You are too injured to fight recklessly!
You are too injured to fight recklessly!
You barely miss the iguana. The iguana bites you.
* * * LOW HITPOINT WARNING * * *
You take 3 damage, and have 28/62 hp.
You claw the iguana!
The iguana bites you but does no damage.
You closely miss the iguana. The iguana bites you!
* * * LOW HITPOINT WARNING * * *
You take 11 damage, and have 18/62 hp.
You closely miss the iguana. The iguana bites you.
* * * LOW HITPOINT WARNING * * *
You take 5 damage, and have 13/62 hp.
You closely miss the iguana. The iguana bites you!
You die...

#.. ##.### ....# #>.$.
#...# #.#.#####
#######.#.....##.#
#.........@.......
#........l###.....
#.........# ... #..)......#
. # #.........###..
#..............
#.....(......... ...#
#...(..(.#####.# ...#
#........#####.######...###


You could see an iguana.

Levels and vault maps discovered:
D:1:      roderic_lyre, layout_basic
D:2:      layout_loops_ring, nicolae_overflow_hidden_temple,
          lemuel_crystal_altar, chequers_serial_rivers_micro_b,
          minmay_pentomino_pile, uniq_terence
D:3:      layout_loops_ring, lemuel_coloured_pillars_altar
D:4:      layout_layer_cave, kennysheep_ying_yang, minmay_checkerbox
D:6:      layout_basic, ebering_ghost_reflecting_pool, serial_bayou_lagoon_a,
          dk_noncrumbling_4, hangedman_decor_growths, supply_closet_lemuel

Notes
Turn   | Place    | Note
-------+----------+-------------------------------------------
     0 | D:1      | drasked the Troll Monk began the quest for the Orb.
     0 | D:1      | Reached XP level 1. HP: 22/22 MP: 0/0
   153 | D:1      | Identified a +2 vampiric dagger
   170 | D:1      | Identified a +0 club
   175 | D:1      | Identified a +0 short sword
   183 | D:1      | Reached XP level 2. HP: 24/29 MP: 1/1
   229 | D:1      | Identified a +0 short sword
   230 | D:1      | Identified a +0 club
   278 | D:1      | Identified a +0 club
   294 | D:1      | Identified a +0 short sword
   364 | D:1      | Identified a +0 dagger
   365 | D:1      | Identified a +0 dagger
   367 | D:1      | Identified a +0 club
   373 | D:1      | Reached XP level 3. HP: 33/36 MP: 2/2
   477 | D:1      | Identified a +0 club
   592 | D:1      | Reached skill level 4 in Unarmed Combat
   609 | D:1      | Identified a +0 dagger
   806 | D:1      | Identified a ring of protection (You found it on level 1 of
                  | the Dungeon)
   807 | D:1      | Identified a ring of protection from fire (You found it on
                  | level 1 of the Dungeon)
   823 | D:2      | Identified a +0 falchion
   823 | D:2      | Identified a +0 scale mail
   823 | D:2      | Noticed Terence
   830 | D:2      | Identified a +0 club
   830 | D:2      | Identified a +0 club
   849 | D:2      | Killed Terence
   849 | D:2      | Reached skill level 3 in Fighting
   914 | D:2      | Reached XP level 4. HP: 45/45 MP: 3/3
   955 | D:2      | Found a burning altar of Makhleb.
  1072 | D:2      | Found an ornate altar of the Wu Jian Council.
  1117 | D:2      | Found a stormy altar of Qazlal.
  1117 | D:2      | Found a bloodstained altar of Trog.
  1268 | D:2      | Identified a +0 club
  1605 | D:3      | Identified a cursed -2 club
  1643 | D:3      | Identified a +0 spear
  1653 | D:3      | Identified a cursed +0 flail
  1655 | D:3      | Reached skill level 5 in Unarmed Combat
  1655 | D:3      | Reached XP level 5. HP: 53/53 MP: 4/4
  1677 | D:3      | Identified a +0 club
  1683 | D:3      | Identified a +0 dagger
  2017 | D:3      | Identified a +0 club
  2206 | D:3      | Identified a +0 hand axe
  2206 | D:3      | Identified a +0 ring mail
  2217 | D:3      | Found an opulent altar of Gozag.
  2417 | D:4      | You fall into a shaft and drop 2 floors!
  2491 | D:6      | Identified a +0 giant club
  2491 | D:6      | Noticed an ogre
  2498 | D:6      | Killed an ogre
  2498 | D:6      | Reached skill level 6 in Unarmed Combat
  2498 | D:6      | Reached XP level 6. HP: 45/62 MP: 5/5
  2509 | D:6      | Identified a +0 shortbow
  2515 | D:6      | Reached skill level 4 in Fighting
  2563 | D:6      | HP: 13/62 [iguana (6)]
  2564 | D:6      | Slain by an iguana

Table legend:
 A = Turns spent in this place as a percentage of turns spent in the entire game.
 B = Non-inter-level travel turns spent in this place as a percentage of non-inter-level travel turns spent in the entire game.
 C = Inter-level travel turns spent in this place as a percentage of turns spent in this place.
 D = Turns resting spent in this place as a percentage of non-inter-level travel turns spent in this place.
 E = Turns spent auto-exploring this place as a percentage of non-inter-level travel turns spent in this place.
 F = Non-inter-level travel turns spent in this place divided by the number of levels of this place that you've seen.
                   A       B       C       D       E      F
               +-------+-------+-------+-------+-------+----------------------
         Total | 100.0 | 100.0 |   3.4 |   2.5 |  75.8 | 495.6
       Dungeon | 100.0 | 100.0 |   3.4 |   2.5 |  75.8 | 495.6
               +-------+-------+-------+-------+-------+----------------------

Table legend:
 A = Kills in this place as a percentage of kills in entire the game.
 B = Kills by you in this place as a percentage of kills by you in the entire game.
 C = Kills by friends in this place as a percentage of kills by friends in the entire game.
 D = Other kills in this place as a percentage of other kills in the entire game.
 E = Experience gained in this place as a percentage of experience gained in the entire game.
 F = Experience gained in this place divided by the number of levels of this place that you have seen.
                   A       B       C       D       E      F
               +-------+-------+-------+-------+-------+----------------------
         Total | 100.0 | 100.0 |   N/A |   N/A | 100.0 | 131.4
       Dungeon | 100.0 | 100.0 |   N/A |   N/A | 100.0 | 131.4
               +-------+-------+-------+-------+-------+----------------------

Skill      XL: |  1  2  3  4  5  6 |
---------------+-------------------+-----
Unarmed Combat | 4 5 6 |  6.6
Fighting       | 3 4 |  4.1
Dodging        | |  2.4
Stealth        | |  1.0

Action                   |  1- 3 |  4- 6 || total
-------------------------+-------+-------++-------
Melee: Unarmed           |   106 |   126 ||   232
       Punch             |     3 |     2 ||     5
 Stab: Sleeping          |     1 |     1 ||     2
       Distracted        |       |     2 ||     2
  Eat: Chunk             |    14 |    15 ||    29
Armor: Robe              |    45 |    54 ||    99
Dodge: Dodged            |    52 |    55 ||   107

Vanquished Creatures
  An ogre (D:6)
  A centaur (D:6)
  A wyvern skeleton (D:6)
  A bullfrog skeleton (D:6)
  An iguana (D:4)
  Terence (D:2)
  4 gnolls (D:3)
  3 adders (D:2)
  2 oozes (D:2)
  A dart slug (D:2)
  2 worms
  4 leopard geckos
  2 orcs (D:3)
  2 ball pythons
  4 giant cockroaches
  10 goblins
  9 hobgoblins
  2 jackals (D:1)
  2 quokkas
  5 bats
  7 frilled lizards
  10 kobolds
  8 rats
83 creatures vanquished.
